[Event "Fagernes GM Open Autumn 2024"]
[Site "Fagernes"]
[Date "2024.10.10"]
[Round "6.11"]
[White "Moksh Amit Doshi"]
[Black "Krivenko, Dion"]
[Result "1-0"]
[ECO "E97"]
[WhiteElo "2377"]
[BlackElo "2244"]
[Annotator "TA"]
[PlyCount "91"]
[EventDate "2024.10.03"]
[EventType "swiss"]
[EventCountry "NOR"]
[SourceTitle "playchess.com"]
[Source "ChessBase"]
[SourceQuality "1"]
[TimeControl "40/6000:2400+30"]

1. d4 Nf6 2. c4 g6 3. Nc3 Bg7 4. e4 d6 5. Nf3 O-O 6. Be2 e5 7. O-O Nc6 8. d5 Ne7 9. b4 a5 10. bxa5 Rxa5 11. a4 Ne8 12. Be3 f5 {[%emt 0:01:37] [#]} 13. c5 $1 dxc5 {[%emt 0:11:02] White is slightly better.} 14. Nd2 $1 Nd6 15. f3 f4 (15... b6 $11 {keeps the balance.}) 16. Nb3 $16 Ra8 17. Bxc5 h5 18. Nb5 $36 {[%emt 0:04:34][%mdl 2048] White is really pushing.} g5 19. Nd2 {[%emt 0:03:54] White is more active.} Rf6 20. Nc4 (20. Qc2 $142) 20... Rg6 (20... Nxc4 $16 21. Bxc4 Kh7) 21. Rc1 ({Better is} 21. Nbxd6 $18 cxd6 22. Bb6) 21... g4 (21... Bd7 $16) 22. Nbxd6 $1 $18 cxd6 23. Bb6 Qd7 24. Ba5 (24. Bf2 $18 {is more deadly. Threatens to win with Nb6.} Qd8 25. Qb3) 24... Rxa5 $2 25. Nxa5 Qd8 26. Qd2 g3 {[%emt 0:00:05] [#]} 27. Rxc8 gxh2+ 28. Kh1 Nxc8 {[%emt 0:04:19] [#] Black is weak on the light squares} (28... Qxc8 {was worth a try.} 29. Rc1 (29. Kxh2 h4 $14) 29... Qb8) 29. Rb1 $1 (29. Kxh2 Rxg2+ 30. Kxg2 Qg5+ 31. Kh2 Qh4+ (31... Qg3+ 32. Kh1 $11) 32. Kg1 Qg3+ 33. Kh1 Qh3+ 34. Kg1 Qg3+ 35. Kh1 Qh4+ 36. Kg1 Qg3+ $11) 29... h4 30. Nxb7 Qd7 31. Qc2 (31. Kxh2 h3 32. Bf1 (32. gxh3 Rg3 $15) 32... hxg2 33. Bxg2 Rh6+ 34. Kg1 Qxa4 $11) 31... Na7 {[%emt 0:02:42] Prevents Bb5.} 32. Na5 {[%emt 0:02:26][%cal Ob1b7] Hoping for Rb7!} (32. Kxh2 h3 33. gxh3 Rg3 $18) 32... Qd8 $2 (32... Bf8 {is a better defense.} 33. Rb7 (33. Kxh2 h3 $16) 33... h3) 33. Nc6 Qc7 34. Qb3 (34. Kxh2 Bf8 35. Bf1 h3 36. gxh3 Rg7) 34... Nxc6 (34... Bf8 $142 35. Qb8 (35. Kxh2 Qg7 $18) 35... Rg7 36. Qxc7 (36. Kxh2 Nxc6 37. Qxc7 Rxc7 $18) 36... Rxc7) 35. dxc6+ Kh7 36. Qb6 (36. Kxh2 Qxc6 37. Qd1 (37. a5 h3 $16) 37... h3 38. gxh3 Qa8 $11) 36... Qc8 37. c7 h3 38. Bf1 (38. Kxh2 hxg2 (38... Rxg2+ $2 39. Kh1 $18) 39. Ba6 Rh6+ 40. Kg1 (40. Kxg2 Qh3+ 41. Kf2 Qh2+ 42. Kf1 Qh1+ 43. Ke2 Rh2+ 44. Kd3 Qxf3+ 45. Kc4 Qxe4+ 46. Kb5 Ra2 $11) 40... Rh1+ (40... Qh3 $2 41. Kf2 $18) 41. Kf2 Rxb1 42. Kxg2 (42. Qxb1 Qxc7 43. Kxg2 Bf6 $14) 42... Rxb6 $14) 38... Bf6 39. Qb7 Rg8 40. Qxc8 Rxc8 {[%emt 0:00:00][%mdl 4096] Endgame. KRB-KRB} 41. Rc1 ({Inferior is} 41. gxh3 Rxc7 42. Kxh2 (42. a5 Bh4 $14) 42... Rc2+ 43. Kh1 Ra2 $11) (41. Kxh2 Rxc7 42. Kxh3 (42. gxh3 Rc2+ 43. Kh1 Ra2 $11) 42... Kg6 $16) 41... Bh4 42. Ba6 Rg8 43. gxh3 Bf2 44. c8=Q (44. c8=B $2 {perishes.} Rg1+ 45. Kxh2 Rxc1 $19) 44... Rg1+ 45. Kxh2 Rg2+ 46. Kxg2 {[%emt 0:00:09] Weighted Error Value: White=0.25 (precise) /Black=0.74.  Loses game:     	---       	Black=1      Missed win:     	White=1     	---        Mistake:       	White=3     	Black=6      Inaccurate:     	White=1     	Black=1      OK:         	White=11    	Black=6      Best:        	White=2     	Black=1      Strong:       	White=2     	---} 1-0

[Event "Fagernes GM Open Autumn 2024"]
[Site "Fagernes"]
[Date "2024.10.10"]
[Round "6.12"]
[White "Myagmarsuren, Evsuld"]
[Black "Wallace, John Paul"]
[Result "1/2-1/2"]
[ECO "B21"]
[WhiteElo "2171"]
[BlackElo "2373"]
[Annotator "RC"]
[PlyCount "103"]
[EventDate "2024.10.03"]
[EventType "swiss"]
[EventCountry "NOR"]
[SourceTitle "playchess.com"]
[Source "ChessBase"]
[SourceQuality "1"]
[TimeControl "40/6000:2400+30"]

1. e4 c5 2. d3 Nc6 3. f4 d5 4. Be2 h5 5. Nf3 Nf6 6. Ng5 Nd4 7. e5 Ng4 8. c3 Nxe2 9. Qxe2 f6 10. exf6 gxf6 11. Ne6 Bxe6 12. Qxe6 Qd7 13. Qxd7+ Kxd7 14. Nd2 h4 15. Nf1 Rg8 16. g3 f5 17. Ne3 hxg3 18. hxg3 Nxe3 19. Bxe3 Rxg3 20. Bxc5 Rxd3 21. Bf2 Rf3 22. Rh4 e5 23. fxe5 Be7 24. Rd4 Ke6 25. Ke2 Rh3 26. Rg1 Bc5 27. Rg6+ Kxe5 28. Rh4 Rxh4 29. Bxh4 Ke4 30. Re6+ Kf4 31. b4 Bb6 32. Be7 Rg8 33. Bd6+ Kg4 34. a4 f4 35. a5 f3+ 36. Kf1 Bd8 37. Be7 Re8 38. Rg6+ Kf5 39. Rf6+ Ke4 40. Bxd8 Rxd8 41. Kf2 Rh8 42. Re6+ Kd3 43. Re3+ Kc4 44. Rxf3 Rh2+ 45. Ke1 Rb2 46. Kd1 d4 47. cxd4 a6 48. d5 Kxb4 49. d6 Rh2 50. Rf7 Kc5 51. Rxb7 Kxd6 52. Rb6+ 1/2-1/2

[Event "Fagernes GM Open Autumn 2024"]
[Site "Fagernes"]
[Date "2024.10.10"]
[Round "6.13"]
[White "Kanyamarala, Tarun"]
[Black "Krishnan, Ritvik"]
[Result "1-0"]
[ECO "D38"]
[WhiteElo "2369"]
[BlackElo "2206"]
[Annotator "RC"]
[PlyCount "83"]
[EventDate "2024.10.03"]
[EventType "swiss"]
[EventCountry "NOR"]
[SourceTitle "playchess.com"]
[Source "ChessBase"]
[SourceQuality "1"]
[TimeControl "40/6000:2400+30"]

1. d4 Nf6 2. c4 e6 3. Nf3 d5 4. Nc3 Bb4 5. cxd5 exd5 6. Qa4+ Nc6 7. Bg5 h6 8. Bxf6 Qxf6 9. e3 O-O 10. Be2 Bf5 11. O-O Rfd8 12. Rfc1 a5 13. a3 Bf8 14. Qb5 Qd6 15. Qb3 Rac8 16. Nd2 Ne7 17. Na4 b6 18. Nf3 Rb8 19. Bd3 c5 20. Bxf5 Nxf5 21. Qb5 Rdc8 22. Nc3 Qe6 23. Qb3 Rd8 24. a4 Rbc8 25. Re1 c4 26. Qd1 Bb4 27. Nd2 Nd6 28. Rc1 Rc6 29. Qf3 f5 30. Qxd5 Qxd5 31. Nxd5 Kf8 32. Nc3 Nf7 33. Rc2 Rdc8 34. Rec1 Nd6 35. g3 Kf7 36. Nf3 R6c7 37. Ne5+ Ke6 38. h4 g5 39. hxg5 hxg5 40. Kg2 Rh7 41. Nb5 Nxb5 42. axb5 1-0

[Event "Fagernes GM Open Autumn 2024"]
[Site "Fagernes"]
[Date "2024.10.10"]
[Round "6.14"]
[White "Sieber, Fiona"]
[Black "Amar, Elham"]
[Result "0-1"]
[ECO "B10"]
[WhiteElo "2264"]
[BlackElo "2540"]
[Annotator "TA"]
[PlyCount "96"]
[EventDate "2024.10.03"]
[EventType "swiss"]
[EventCountry "NOR"]
[SourceTitle "playchess.com"]
[Source "ChessBase"]
[SourceQuality "1"]
[TimeControl "40/6000:2400+30"]

1. e4 c6 2. Nf3 d5 3. exd5 cxd5 4. Ne5 a6 5. d4 Nc6 6. c4 e6 7. Nxc6 bxc6 8. Bd3 {[%emt 0:00:00] The position is equal.} g6 9. O-O Bg7 10. Be3 Ne7 11. Nc3 O-O 12. cxd5 cxd5 13. Rc1 (13. Na4 $5) 13... Bd7 14. Qb3 (14. Re1 $11) 14... Nc6 15. Ne2 Rb8 16. Qa3 Qb6 (16... Re8 {simplifies} 17. Qc3 e5 18. Rfd1 a5) 17. Qd6 Nb4 (17... Nxd4 $2 18. Qxd7 (18. Qxb6 Rxb6 19. Bxd4 Bxd4 $18) 18... Nxe2+ 19. Bxe2 $16) 18. Qxb6 Rxb6 19. Bb1 Bb5 20. Rfe1 Bd3 21. Nc3 Bxb1 22. Rxb1 Nd3 $36 {[%emt 0:01:24][%csl LRb2,LRe1][%mdl 2048] Black is on the roll.} 23. Re2 Rc8 {[%emt 0:00:00][%cal Oc8c3] [#] ...Rxc3! is the strong threat.} 24. Rc2 (24. Na4 $15 Rb4 25. Nc5 Nxc5 26. dxc5) 24... Rbc6 {[%emt 0:01:51] Black is much more active.} (24... f5 $17 {White must now prevent ...f4.} 25. g3 g5) 25. g4 Bf8 26. Bg5 Rc4 27. Bf6 {[%emt 0:02:32] Dodges Rxd4} Bg7 28. Bxg7 Kxg7 29. Rd2 {[%emt 0:00:00] [#]} Nxb2 ({And not} 29... Rxd4 30. Kf1 $16) 30. Rbxb2 (30. Ne2 $142 Na4 31. Rb7) 30... Rxc3 $19 {[%emt 0:00:00][%mdl 4096] Endgame. KRR-KRR} 31. Rb6 Ra3 32. f3 $2 (32. g5) 32... Rxf3 33. Rxa6 Rf4 34. Ra4 $2 (34. h3) 34... Rc1+ {[%emt 0:00:00] Black is clearly winning.} 35. Kg2 Rxg4+ 36. Kf3 Rgg1 37. Rb4 Rc3+ 38. Kf2 Ra1 39. Rbb2 Ra3 40. Kg2 g5 41. Rf2 Kg6 42. Rb7 R1xa2 43. Rbxf7 Rxf2+ 44. Rxf2 {[%emt 0:00:00] KR-KR} Rd3 45. Re2 Kf6 46. Rf2+ Ke7 47. Ra2 h5 48. Ra4 h4 {[%emt 0:00:00] Weighted Error Value: White=0.29 (precise) /Black=0.07 (flawless) .  Mistake:       	White=5     	Black=1      Inaccurate:     	White=6     	---        OK:         	White=10    	Black=20     Best:        	White=3     	Black=3} 0-1

[Event "Fagernes GM Open Autumn 2024"]
[Site "Fagernes"]
[Date "2024.10.10"]
[Round "6.15"]
[White "Laddha, Shubh Jayesh"]
[Black "Sherman, Raem"]
[Result "1-0"]
[ECO "B50"]
[WhiteElo "2308"]
[BlackElo "2390"]
[Annotator "TA"]
[PlyCount "83"]
[EventDate "2024.10.03"]
[EventType "swiss"]
[EventCountry "NOR"]
[SourceTitle "playchess.com"]
[Source "ChessBase"]
[SourceQuality "1"]
[TimeControl "40/6000:2400+30"]

1. e4 c5 2. Nf3 e6 3. g3 Nc6 4. Bg2 Nf6 5. Nc3 d6 6. O-O Be7 7. d3 O-O 8. Ng5 h6 9. Nh3 Rb8 10. a4 {[%emt 0:04:56] Schwarz hat minimalen Vorteil.} a6 11. f4 Nd4 12. Ne2 b5 13. axb5 axb5 14. c3 Nc6 15. Nf2 e5 16. d4 Nd7 17. fxe5 (17. Ng4 $11) 17... dxe5 $15 18. d5 Na5 19. Ng4 c4 20. d6 Bg5 21. Bxg5 hxg5 22. Ne3 (22. Nc1 $17) 22... Nb3 23. Nd5 {[%emt 0:01:34][%cal Oe2d4] Es drohte Qb6+. Zielt auf Nd4! ab.} Nxa1 $2 {[%emt 0:05:14] [#]} (23... Nf6 $1 $17 {[%cal Rf6d5] hält den Druck. Und jetzt ...Nxd5 wäre schön.} 24. Rb1 Be6 (24... Qxd6 $2 25. Nxf6+ Qxf6 26. Rxf6 $18) 25. Ne7+ Kh7) 24. Nd4 $1 $16 {[%emt 0:02:40] Weiß steht deutlich aktiver. Die schwarzen Türme stehen passiv.} exd4 25. Ne7+ (25. Qxa1 $2 d3 26. Qa7 Bb7 27. Ne7+ Kh8 $19) 25... Qxe7 26. dxe7 Re8 {[%emt 0:00:00][%cal Bf8e8,Be8e7,Be7e4][%mdl 32] [#]} 27. Qxa1 (27. cxd4 Nb3 28. Qh5 g6 $15 (28... Rxe7 29. Qxg5 Re8 30. Qf4 $11)) ({Günstiger ist} 27. Qh5 $1 $16 Rxe7 28. Qxg5 (28. Rxa1 d3 $15)) 27... d3 $2 (27... dxc3 $11 {und Schwarz ist OK.} 28. e5 (28. bxc3 Ne5 $16) 28... Rxe7) 28. Qa5 $36 {[%emt 0:02:29][%mdl 2048] Schwarz steht unter starkem Druck.} f6 $2 (28... Nb6) 29. Qc7 Rxe7 30. Bh3 $2 (30. Qd8+ $18 Kf7 31. e5 Rxe5 32. Bc6) 30... Ra8 $2 (30... Nf8 $16 {ist eine bessere Chance.} 31. Qxb8 (31. Qxe7 Bxh3 32. Rb1 Ng6 $11) 31... Bxh3) 31. Qc6 Nb6 32. Bxc8 (32. Qxb6 Bxh3 33. Qd6 Rae8 (33... Rxe4 $2 34. Qd5+ Kf8 35. Qxe4 $18) 34. Qd5+ Kh7 $19) 32... Rxc8 33. Qxb6 Rxe4 34. Qxb5 Rd8 {[%emt 0:01:45] Verhindert Qd5+} 35. Rd1 Kh8 36. b3 Rde8 37. Kf1 {[%emt 0:01:13] Verhindert Re1+.} (37. bxc4 $2 Re1+ 38. Kg2 (38. Rxe1 $2 Rxe1+ 39. Kf2 d2 $19) 38... R8e2+ 39. Kh3 Rxd1 $19) 37... R8e5 38. Qb8+ Re8 39. Qb5 R8e5 40. Qd7 {[%emt 0:01:38] Weiß steht klar auf Gewinn.} cxb3 41. Qxd3 ({Und nicht} 41. Rxd3 b2 42. Rd1 Re1+ 43. Kg2 (43. Rxe1 Rxe1+ 44. Kxe1 b1=Q+ 45. Qd1 Qe4+ 46. Kf2 Qf5+ 47. Qf3 Qc5+ 48. Qe3 Qc6 $11) 43... g4 (43... b1=B $2 {ist das falsche Schlagen.} 44. Rxb1 Rxb1 45. Qd8+ Kh7 46. Qd3+ Kh8 47. Qxb1 $18) 44. Rxe1 (44. Qxg4 R5e2+ 45. Kh3 Rxd1 $11) 44... Rxe1 45. Qd8+ (45. Qxg4 $2 b1=Q $19) 45... Kh7 46. Qd3+ Kh8 47. Qd8+ Kh7 48. Qd3+ Kh8 49. Qd8+ $11) 41... b2 42. Qb1 {[%emt 0:00:52] Weiß hat die Chance genutzt.   Gewichteter Fehlerwert: Weiß=0.62/Schwarz=0.49.  Verlustzug:     	---       	Schwarz=2     Fehler:       	Weiß=3     	Schwarz=2     Ungenau:       	Weiß=3     	Schwarz=3     OK:         	Weiß=15    	Schwarz=10    Bester:       	Weiß=1     	Schwarz=2     Stark:        	Weiß=1     	---} 1-0

[Event "Fagernes GM Open Autumn 2024"]
[Site "Fagernes"]
[Date "2024.10.10"]
[Round "6.16"]
[White "Namitbir Singh Walia"]
[Black "Harish, Neeraj"]
[Result "1-0"]
[ECO "B33"]
[WhiteElo "2351"]
[BlackElo "2024"]
[Annotator "RC"]
[PlyCount "115"]
[EventDate "2024.10.03"]
[EventType "swiss"]
[EventCountry "NOR"]
[SourceTitle "playchess.com"]
[Source "ChessBase"]
[SourceQuality "1"]
[TimeControl "40/6000:2400+30"]

1. e4 c5 2. Nf3 Nc6 3. d4 cxd4 4. Nxd4 Nf6 5. Nc3 e5 6. Ndb5 d6 7. Nd5 Nxd5 8. exd5 Nb8 9. a4 Be7 10. Be2 Nd7 11. Bd2 Nf6 12. Bb4 a6 13. Nc3 Bf5 14. a5 Rc8 15. O-O h5 16. f4 e4 17. Na4 Ng4 18. Ra3 e3 19. c4 Bh4 20. g3 Be7 21. Nb6 Rc7 22. Qa4+ Kf8 23. Bxg4 Bxg4 24. Rxe3 Rh6 25. Rfe1 Kg8 26. Qc2 h4 27. Bc3 hxg3 28. hxg3 f5 29. Kg2 Bh3+ 30. Kg1 Bg4 31. Qg2 Qe8 32. Bd4 Qf7 33. Na8 Rd7 34. Nb6 Rc7 35. Re6 Bf6 36. Bxf6 Rxf6 37. Qf2 Qh5 38. Qh2 Bh3 39. Qe2 Bg4 40. Qh2 Bh3 41. Kf2 Rh6 42. Rxh6 Qxh6 43. Qh1 Rf7 44. Re8+ Rf8 45. Qe1 Bg4 46. Qe6+ Qxe6 47. Rxe6 Rd8 48. Re7 Rb8 49. b4 Bh5 50. c5 Kf8 51. Rc7 Re8 52. Rc8 Bf7 53. Rxe8+ Kxe8 54. Ke3 Kd8 55. Kd4 Bh5 56. Nc4 dxc5+ 57. bxc5 Bf3 58. Nd6 1-0

[Event "Fagernes GM Open Autumn 2024"]
[Site "Fagernes"]
[Date "2024.10.10"]
[Round "6.17"]
[White "Nagare Akhilesh"]
[Black "Oye-Stromberg, Alexander"]
[Result "0-1"]
[ECO "C47"]
[WhiteElo "2245"]
[BlackElo "2248"]
[Annotator "RC"]
[PlyCount "88"]
[EventDate "2024.10.03"]
[EventType "swiss"]
[EventCountry "NOR"]
[SourceTitle "playchess.com"]
[Source "ChessBase"]
[SourceQuality "1"]
[TimeControl "40/6000:2400+30"]

1. e4 e5 2. Nf3 Nc6 3. Nc3 Nf6 4. d4 exd4 5. Nxd4 Bb4 6. Nxc6 bxc6 7. Bd3 O-O 8. O-O Re8 9. Bg5 h6 10. Bh4 d5 11. Bxf6 Qxf6 12. exd5 Bxc3 13. bxc3 cxd5 14. Qd2 Be6 15. Bb5 Red8 16. Qd4 Qxd4 17. cxd4 Rab8 18. Bd3 Rb2 19. Rfb1 Rdb8 20. c3 Kf8 21. a4 Ke7 22. Kf1 Kd6 23. Ke1 R8b3 24. Rxb2 Rxb2 25. a5 Kc6 26. Ra4 Kd6 27. Rb4 Ra2 28. Rb5 c6 29. Rc5 Ra1+ 30. Ke2 Rh1 31. h3 Rg1 32. Kf3 g5 33. g4 h5 34. gxh5 Rh1 35. Kg2 Rxh3 36. Be2 g4 37. f3 f5 38. Bd1 Rxh5 39. fxg4 fxg4 40. Ba4 Bd7 41. c4 Rf5 42. cxd5 Rxd5 43. Rc4 Rxa5 44. Bd1 Ra3 0-1

[Event "Fagernes GM Open Autumn 2024"]
[Site "Fagernes"]
[Date "2024.10.10"]
[Round "6.18"]
[White "Sorensen, Hampus"]
[Black "Advaitt Srikant Koduri"]
[Result "1-0"]
[ECO "D90"]
[WhiteElo "2423"]
[BlackElo "2162"]
[Annotator "TA"]
[PlyCount "57"]
[EventDate "2024.10.03"]
[EventType "swiss"]
[EventCountry "NOR"]
[SourceTitle "playchess.com"]
[Source "ChessBase"]
[SourceQuality "1"]
[TimeControl "40/6000:2400+30"]

1. d4 d5 2. c4 c6 3. Nf3 Nf6 4. Nc3 g6 5. cxd5 cxd5 6. Bf4 Nc6 7. e3 Bg7 8. h3 O-O 9. Be2 a6 10. O-O Bf5 11. Rc1 Rc8 12. Na4 Ne4 13. Qb3 b5 {[%emt 0:07:41] White is slightly better.} 14. Nc5 Na5 15. Qb4 Nxc5 16. Rxc5 Nc6 17. Qc3 Qb6 18. Rc1 (18. Rxd5 $2 Nxd4 19. Nxd4 Rxc3 20. Nxf5 Rc2 $19) 18... Bd7 19. Qd2 ({Inferior is} 19. Rxd5 Nxd4 20. Nxd4 Rxc3 21. Rxc3 Bc8 $17) 19... e6 20. Ne1 Rfd8 21. Nd3 Bf8 22. R5c2 $36 {[%emt 0:02:00][%mdl 2048] Keeping Black busy. White is more active.} Na5 23. b3 ({Weaker is} 23. Bc7 Rxc7 24. Rxc7 Nc4 25. R7xc4 bxc4 $15 (25... dxc4 26. Ne5 $15)) ({Better is} 23. Ne5 $1 {[%cal Re5d7] Threatens to win with Nxd7.} Rxc2 24. Rxc2 (24. Qxc2 Qb7 $16)) 23... Ba3 $2 {[%emt 0:01:09][%mdl 8192] [#] Loses the game.} (23... Rxc2 $16 {is tougher.} 24. Rxc2 Nc6) 24. Rxc8 $1 $18 Rxc8 25. Rxc8+ Bxc8 {[%emt 0:00:00] [#] Black is weak on the dark squares} 26. Qc3 $1 {[%emt 0:00:07] White is clearly winning.} Bd7 27. Bc7 b4 28. Qc5 Qxc5 29. Nxc5 {[%emt 0:00:00] Weighted Error Value: White=0.08 (flawless) /Black=0.54.  Loses game:     	---       	Black=1      Mistake:       	White=1     	---        Inaccurate:     	White=1     	Black=3      OK:         	White=8     	Black=6      Best:        	---       	Black=1      Strong:       	White=2     	---} 1-0

[Event "Fagernes GM Open Autumn 2024"]
[Site "Fagernes"]
[Date "2024.10.10"]
[Round "6.19"]
[White "Gasland, Lukas Dominik"]
[Black "Eliseev, Sergey"]
[Result "1-0"]
[ECO "A11"]
[WhiteElo "1905"]
[BlackElo "2276"]
[Annotator "RC"]
[PlyCount "89"]
[EventDate "2024.10.03"]
[EventType "swiss"]
[EventCountry "NOR"]
[SourceTitle "playchess.com"]
[Source "ChessBase"]
[SourceQuality "1"]
[TimeControl "40/6000:2400+30"]

1. Nf3 d5 2. g3 Nf6 3. Bg2 c6 4. O-O Bg4 5. Ne5 Bf5 6. d4 e6 7. c4 Be7 8. Nc3 O-O 9. Re1 Nbd7 10. Bg5 h6 11. Nxd7 Qxd7 12. Bxf6 Bxf6 13. cxd5 exd5 14. e3 Rfe8 15. Rc1 h5 16. b4 a6 17. Na4 Qd6 18. Nc5 b6 19. Nb3 h4 20. a3 hxg3 21. hxg3 Be4 22. Bxe4 dxe4 23. Kg2 g6 24. Qc2 Re6 25. Nd2 Qd5 26. Qb3 Qf5 27. Rc4 Kg7 28. Rh1 Rc8 29. Rc2 Ree8 30. Rcc1 a5 31. Rh7+ Kxh7 32. Qxf7+ Kh6 33. Rh1+ Kg5 34. Rh4 Rf8 35. Qc4 Qd5 36. Qe2 Bxd4 37. Nxe4+ Kf5 38. Qg4+ Ke5 39. exd4+ Kxd4 40. Qxg6 Rce8 41. Qg7+ Kc4 42. f3 Kb3 43. Qc3+ Ka4 44. bxa5 Qxa5 45. Nd6+ 1-0

[Event "Fagernes GM Open Autumn 2024"]
[Site "Fagernes"]
[Date "2024.10.10"]
[Round "6.20"]
[White "Skotheim, Andreas"]
[Black "Southcott-Moyers, Indy"]
[Result "1/2-1/2"]
[ECO "C68"]
[WhiteElo "2234"]
[BlackElo "2143"]
[Annotator "RC"]
[PlyCount "86"]
[EventDate "2024.10.03"]
[EventType "swiss"]
[EventCountry "NOR"]
[SourceTitle "playchess.com"]
[Source "ChessBase"]
[SourceQuality "1"]
[TimeControl "40/6000:2400+30"]

1. e4 e5 2. Nf3 Nc6 3. Bb5 a6 4. Bxc6 dxc6 5. O-O Bg4 6. h3 h5 7. d3 Qf6 8. Nbd2 g5 9. Nc4 Bxf3 10. Qxf3 Qxf3 11. gxf3 f6 12. h4 gxh4 13. f4 b5 14. Na5 exf4 15. Bxf4 Kd7 16. Kg2 Bd6 17. Be3 Ne7 18. Nb7 Rhg8+ 19. Kf3 Rg4 20. Nc5+ Bxc5 21. Bxc5 Rag8 22. Rh1 Ng6 23. Be3 f5 24. exf5 Ne7 25. f6 Rf8 26. Rh3 Rxf6+ 27. Ke2 Nf5 28. Bc5 Rfg6 29. Rhh1 Re6+ 30. Kd2 Re5 31. b4 a5 32. a3 a4 33. Rae1 Re6 34. Rxe6 Kxe6 35. Ke2 Kf6 36. Kf1 Ke5 37. c3 Rg8 38. Rh3 Kf4 39. Be3+ Ke5 40. Bc5 Re8 41. Be3 Kf6 42. Bf4 Re7 43. Rh1 Rd7 1/2-1/2

[Event "Fagernes GM Open Autumn 2024"]
[Site "Fagernes"]
[Date "2024.10.10"]
[Round "6.21"]
[White "Gaikwad, Siddhant"]
[Black "Welling, Gerard"]
[Result "1/2-1/2"]
[ECO "B15"]
[WhiteElo "2039"]
[BlackElo "2206"]
[Annotator "RC"]
[PlyCount "92"]
[EventDate "2024.10.03"]
[EventType "swiss"]
[EventCountry "NOR"]
[SourceTitle "playchess.com"]
[Source "ChessBase"]
[SourceQuality "1"]
[TimeControl "40/6000:2400+30"]

1. e4 c6 2. d4 g6 3. Nf3 Bg7 4. Nc3 d5 5. e5 Bg4 6. Be2 Bxf3 7. Bxf3 e6 8. Bf4 Nd7 9. Qd2 a6 10. O-O-O b5 11. Kb1 Nb6 12. b3 Qc7 13. h4 h6 14. g4 Ne7 15. Ne2 c5 16. dxc5 Qxc5 17. Nd4 Nd7 18. Rhe1 Rc8 19. Bg2 Qc3 20. Qc1 Qa5 21. Bd2 Qc7 22. f4 Nc6 23. Nxc6 Qxc6 24. Bb4 h5 25. g5 Bf8 26. Bd6 Bxd6 27. exd6 Kf8 28. f5 gxf5 29. g6 Kg7 30. gxf7 Kxf7 31. Bxd5 exd5 32. Re7+ Kf8 33. Qb2 Rg8 34. Rxd7 Qxd7 35. Qf6+ Qf7 36. d7 Rb8 37. d8=Q+ Rxd8 38. Qxd8+ Kg7 39. Qd6 Re8 40. Qxa6 f4 41. Rg1+ Kh7 42. Qxb5 f3 43. Qd3+ Re4 44. Rf1 f2 45. Qd2 Rf4 46. a4 Rf3 1/2-1/2

[Event "Fagernes GM Open Autumn 2024"]
[Site "Fagernes"]
[Date "2024.10.10"]
[Round "6.22"]
[White "Westrum, Kim Roger Hansen"]
[Black "Aamodt, Peder Marcus"]
[Result "1/2-1/2"]
[ECO "D00"]
[WhiteElo "2205"]
[BlackElo "2126"]
[Annotator "RC"]
[PlyCount "63"]
[EventDate "2024.10.03"]
[EventType "swiss"]
[EventCountry "NOR"]
[SourceTitle "playchess.com"]
[Source "ChessBase"]
[SourceQuality "1"]
[TimeControl "40/6000:2400+30"]

1. d4 Nf6 2. Nc3 d5 3. Bf4 c5 4. e4 Nxe4 5. Nxe4 dxe4 6. dxc5 Qa5+ 7. c3 Qxc5 8. Qa4+ Nc6 9. Qxe4 g6 10. Nf3 Bg7 11. Qe3 Qxe3+ 12. Bxe3 Bf5 13. Be2 O-O 14. O-O Rfd8 15. Rfd1 Bf6 16. Nd2 Ne5 17. Nb3 Bd3 18. Kf1 b6 19. Bd4 Bxe2+ 20. Kxe2 Nc4 21. Bxf6 exf6 22. Rxd8+ Rxd8 23. Rb1 Re8+ 24. Kd1 Ne5 25. f3 Nc4 26. g3 Ne3+ 27. Ke2 Nc4+ 28. Kf2 Re3 29. Rd1 Re7 30. Rb1 Re3 31. Rd1 Re7 32. Rb1 1/2-1/2

[Event "Fagernes GM Open Autumn 2024"]
[Site "Fagernes"]
[Date "2024.10.10"]
[Round "6.23"]
[White "Gudbrandsen, Gustav"]
[Black "Stromhaug, Kristoffer Wang"]
[Result "1-0"]
[ECO "C55"]
[WhiteElo "2197"]
[BlackElo "1960"]
[Annotator "RC"]
[PlyCount "59"]
[EventDate "2024.10.03"]
[EventType "swiss"]
[EventCountry "NOR"]
[SourceTitle "playchess.com"]
[Source "ChessBase"]
[SourceQuality "1"]
[TimeControl "40/6000:2400+30"]

1. e4 e5 2. Bc4 Nf6 3. d3 Nc6 4. Nf3 d6 5. Ng5 d5 6. exd5 Nd4 7. c3 Nf5 8. Bb5+ Bd7 9. Qa4 Be7 10. Bxd7+ Nxd7 11. Nf3 O-O 12. O-O f6 13. Qc2 g6 14. c4 Bc5 15. Nc3 a5 16. Ne4 Ba7 17. Rd1 g5 18. h3 h5 19. g4 Ng7 20. Ng3 Qc8 21. gxh5 Nc5 22. h6 Nf5 23. d4 e4 24. Nxe4 Nxe4 25. Qxe4 Re8 26. Qd3 Kh8 27. Bd2 Nxh6 28. Nh2 Nf5 29. Re1 Rg8 30. Re6 1-0

[Event "Fagernes GM Open Autumn 2024"]
[Site "Fagernes"]
[Date "2024.10.10"]
[Round "6.24"]
[White "Sian, Shadi"]
[Black "Bjorkan, Olav"]
[Result "1-0"]
[ECO "E39"]
[WhiteElo "2182"]
[BlackElo "2022"]
[Annotator "RC"]
[PlyCount "85"]
[EventDate "2024.10.03"]
[EventType "swiss"]
[EventCountry "NOR"]
[SourceTitle "playchess.com"]
[Source "ChessBase"]
[SourceQuality "1"]
[TimeControl "40/6000:2400+30"]

1. d4 Nf6 2. c4 e6 3. Nc3 Bb4 4. Qc2 c5 5. dxc5 O-O 6. a3 Bxc5 7. Nf3 d5 8. e3 dxc4 9. Bxc4 a6 10. Bd3 Nbd7 11. Ne4 b6 12. Nxf6+ Nxf6 13. b4 Be7 14. Bb2 Bb7 15. Rd1 Qc8 16. Qb1 h6 17. O-O Nd7 18. Rd2 Bf6 19. Rc1 Qb8 20. Bh7+ Kh8 21. Rxd7 Bxb2 22. Qxb2 Kxh7 23. Rcc7 Bxf3 24. Rxf7 Rxf7 25. Rxf7 e5 26. gxf3 Qd6 27. Qc2+ Qg6+ 28. Qxg6+ Kxg6 29. Rb7 b5 30. Rb6+ Kf7 31. Kg2 Ke7 32. h4 h5 33. Kg3 Kd7 34. Rg6 Kc7 35. Rxg7+ Kd6 36. Rg5 a5 37. f4 exf4+ 38. Kxf4 axb4 39. axb4 Kc6 40. Rc5+ Kb6 41. Re5 Rf8+ 42. Rf5 Rc8 43. Kg5 1-0